 Dungeon Crawl Stone Soup version 0.24-a0-232-g49d9ff8 (webtiles) character file.

Game seed: 4397736626792006164

20 LicitheCrawler the Charmwright (level 2, 13/26 HPs)
             Began as a Gnoll Skald on Apr 3, 2019.
             Quit the game on level 2 of the Dungeon.
             The game lasted 00:00:44 (555 turns).

LicitheCrawler the Charmwright (Gnoll Skald)         Turns: 555, Time: 00:00:45

Health: 13/26      AC:  4    Str: 13    XL:     2   Next: 79%
Magic:  7/7        EV: 14    Int: 15    God:
Gold:   42         SH:  0    Dex: 14    Spells: 9/10 levels left

rFire    . . .     SeeInvis .   d - +2 dagger (venom)
rCold    . . .     Gourm    .   (no shield)
rNeg     . . .     Faith    .   b - +0 leather armour
rPois    .         Spirit   .   (no helmet)
rElec    .         Reflect  .   g - +0 cloak
rCorr    .         Harm     .   (no gloves)
MR       .....                  (no boots)
Stlth    +.........             (no amulet)
HPRegen  0.08/turn              (no ring)
MPRegen  0.10/turn              (no ring)

@: no status effects
A: distributed training, fangs 1, strong nose
a: no special abilities


You were on level 2 of the Dungeon.
You were not hungry.

You visited 1 branch of the dungeon, and saw 2 of its levels.

You collected 42 gold pieces.

Inventory:

Hand Weapons
 a - a +0 spear
 d - a +2 dagger of venom (weapon)
Armour
 b - a +0 leather armour (worn)
 g - a +0 cloak (worn)
Scrolls
 c - 2 scrolls of fear {unknown}
 f - 2 scrolls of teleportation {unknown}
 i - 4 scrolls of remove curse {unknown}
 k - 3 scrolls of magic mapping {unknown}
Potions
 j - a potion of brilliance {unknown}
 l - a potion of might {unknown}
Comestibles
 e - 3 rations
 h - a chunk of flesh


   Skills:
 + Level 4.5 Fighting
 + Level 0.5 Short Blades
 + Level 0.5 Long Blades
 + Level 0.5 Axes
 + Level 0.5 Maces & Flails
 + Level 4.5 Polearms
 + Level 0.5 Staves
 + Level 0.5 Slings
 + Level 0.5 Bows
 + Level 0.5 Crossbows
 + Level 0.5 Throwing
 + Level 2.5 Armour
 + Level 4.5 Dodging
 + Level 0.5 Stealth
 + Level 0.5 Shields
 + Level 0.5 Unarmed Combat
 + Level 4.9 Spellcasting
 + Level 0.3 Conjurations
 + Level 0.3 Hexes
 + Level 5.3 Charms
 + Level 0.3 Summonings
 + Level 0.3 Necromancy
 + Level 0.3 Translocations
 + Level 0.3 Transmutations
 + Level 0.3 Fire Magic
 + Level 0.3 Ice Magic
 + Level 0.3 Air Magic
 + Level 0.3 Earth Magic
 + Level 0.3 Poison Magic
 + Level 0.6 Invocations
 + Level 0.5 Evocations


You had 9 spell levels left.
You knew the following spells:

 Your Spells              Type           Power        Failure   Level  Hunger
a - Infusion              Chrm           ###.         2%          1    None

Your spell library contained the following spells:

 Spells                   Type           Power        Failure   Level  Hunger
 Song of Slaying          Chrm           ###.....     3%          2    ##.....
 Shroud of Golubria       Chrm/Tloc      ##........   10%         2    ##.....
 Regeneration             Chrm/Necr      ##........   19%         3    ###....
 Spectral Weapon          Hex/Chrm       ##......     19%         3    ###....


Dungeon Overview and Level Annotations

Branches:
Dungeon (2/15)

Altars:


Innate Abilities, Weirdness & Mutations

Your experience applies equally to all skills.
You have very sharp teeth.
Your uncanny sense of smell can sniff out nearby items.


Message History

The jackal bites you but does no damage.
The jackal bites you.
The jackal bites you but does no damage.
The rat barely misses you. The jackal completely misses you.
The jackal bites you. The jackal barely misses you.
You are too injured to fight recklessly!
You are too injured to fight recklessly!
You are too injured to fight recklessly!
You are too injured to fight recklessly!
You are too injured to fight recklessly!
You are too injured to fight recklessly!
You are too injured to fight recklessly!
A bat comes into view.
The rat barely misses you. The hobgoblin misses you.
Found a dented cabochon amulet.
You see here a jackal corpse.
A ball python comes into view.
The rat barely misses you. The jackal closely misses you.
Found an escape hatch in the floor.
Are you sure you want to abandon this character and quit the game? (Confirm with "yes".)

#$..# # #...#.#
#...#.# ......
####...####
####.........
##....#h)..##
#.....@rh...#
#>.....#h#...#
#.....###g.....#
#..... ........
##... ....b...
##.. ........ S.
....###. ###
#...# .".#


You could see 3 jackals, a hobgoblin, a bat, a ball python (wandering) and a
rat.

Vanquished Creatures
  2 leopard geckos
  5 goblins
  A jackal (D:2)
  3 bats (D:1)
  A frilled lizard (D:1)
  2 kobolds (D:1)
  4 rats (D:1)
18 creatures vanquished.

Notes
Turn   | Place    | Note
-------+----------+-------------------------------------------
     0 | D:1      | LicitheCrawler the Gnoll Skald began the quest for the Orb.
     0 | D:1      | Reached XP level 1. HP: 20/20 MP: 6/6
   229 | D:1      | Reached XP level 2. HP: 26/26 MP: 7/7
   555 | D:2      | Quit the game

Levels and vault maps discovered:
D:1:      evilmike_arrival_crescent, layout_rooms, minmay_tetromino_o2
D:2:      layout_loops_cross, overflow_temple_1_default,
          chequers_ecumenical_altar_simple, roderic_roman_lattice

Action                   || total
-------------------------++-------
Melee: Dagger            ||    40
       Spear             ||     5
       Bite              ||     4
 Stab: Sleeping          ||     1
Armor: Leather armour    ||    23
Dodge: Dodged            ||    53

Table legend:
 A = Non-vault XP
 B = Vault XP
 C = Vault XP percentage of total XP
 D = Non-vault monster count
 E = Vault monster count
 F = Vault count percentage of total count
                 A         B        C        D         E       F
            +---------+---------+-------+---------+---------+-------
      Total |      28 |       1 |   3.4 |      17 |       1 |   5.6
            +---------+---------+-------+---------+---------+-------
        D:1 |      21 |       1 |   4.5 |      14 |       1 |   6.7
        D:2 |       7 |       0 |   0.0 |       3 |       0 |   0.0
            +---------+---------+-------+---------+---------+-------
